3L
DETROIT RENAISSANCE @ SEATTLE AVIATORS
09/14/2030
 
TOP OF THE 1ST
Detroit Renaissance batting - Pitching for Seattle Aviators : RHP Manny Amici
Pitching: RHP Manny Amici
Batting: RHB Steve Irwin 0-0: Foul Ball, location: 2F
0-1: Foul Ball, location: 2F
0-2: Ball
1-2: Strikes out looking
Batting: RHB Won-min Yi 0-0: Ball
1-0: Ball
2-0: Ball
3-0: Called Strike
3-1: Ground out 5-3 (Groundball, 5)
Batting: RHB Eric D'Angle 0-0: Ball
1-0: Foul Ball, location: 2F
1-1: Ball
2-1: Ground out 5-3 (Groundball, 5S)
Top of the 1st over - 0 runs, 0 hits, 0 errors, 0 left on base; Detroit 0 - Seattle 0
BOTTOM OF THE 1ST
Seattle Aviators batting - Pitching for Detroit Renaissance : RHP Domingo Ramírez
Pitching: RHP Domingo Ramírez
Batting: SHB Juan Torres 0-0: Called Strike
0-1: Foul Ball, location: 2F
0-2: Strikes out swinging
Batting: LHB Pedro Corona 0-0: Called Strike
0-1: Swinging Strike
0-2: SINGLE (Line Drive, 6M)
Batting: LHB Kenny Webster 0-0: Ball
1-0: Swinging Strike
1-1: Ball
2-1: Called Strike
2-2: Strikes out looking
Batting: LHB Dong-jin Kim 0-0: Called Strike
0-1: Called Strike
0-2: Ball
1-2: Ball
2-2: Ground out 4-3 (Groundball, 34D)
Bottom of the 1st over - 0 runs, 1 hit, 0 errors, 1 left on base; Detroit 0 - Seattle 0
TOP OF THE 2ND
Detroit Renaissance batting - Pitching for Seattle Aviators : RHP Manny Amici
Batting: RHB Quincy van Enk 0-0: Swinging Strike
0-1: Swinging Strike
0-2: Foul Ball, location: 2F
0-2: Ball
1-2: Ball
2-2: Ball
3-2: SINGLE (Line Drive, 6D)
Batting: LHB Lance Antle 0-0: Grounds into double play, 5-4-3 (Groundball, 56)
Batting: LHB Elian Gonzalez 0-0: Fly out, F6 (Line Drive, 6MD)
Top of the 2nd over - 0 runs, 1 hit, 0 errors, 0 left on base; Detroit 0 - Seattle 0
BOTTOM OF THE 2ND
Seattle Aviators batting - Pitching for Detroit Renaissance : RHP Domingo Ramírez
Batting: RHB Jay Parker 0-0: Called Strike
0-1: Ball
1-1: Swinging Strike
1-2: Foul Ball, location: 2F
1-2: Ball
2-2: Ball
3-2: Foul Ball, location: 2F
3-2: Ground out 6-3 (Groundball, 6)
Batting: RHB Albert Zamudio 0-0: Ball
1-0: Called Strike
1-1: Ball
2-1: Foul Ball, location: 2F
2-2: Ball
3-2: Fly out, F4 (Popup, 34S)
Batting: RHB Rubén Marino 0-0: Fly out, F8 (Line Drive, 8LXD)
Bottom of the 2nd over - 0 runs, 0 hits, 0 errors, 0 left on base; Detroit 0 - Seattle 0
TOP OF THE 3RD
Detroit Renaissance batting - Pitching for Seattle Aviators : RHP Manny Amici
Batting: LHB Alexis Raimbault 0-0: Ball
1-0: Swinging Strike
1-1: Swinging Strike
1-2: Foul Ball, location: 2F
1-2: Ball
2-2: Foul Ball, location: 2F
2-2: Ball
3-2: Foul Ball, location: 2F
3-2: Foul Ball, location: 2F
3-2: Foul Ball, location: 2F
3-2: Base on Balls
Batting: LHB Eric Thackston 0-0: Grounds into double play, 4-6-3 (Groundball, 4)
Batting: RHB Sixto Estrada 0-0: Ball
1-0: Swinging Strike
1-1: Foul Ball, location: 2F
1-2: Strikes out swinging
Top of the 3rd over - 0 runs, 0 hits, 0 errors, 0 left on base; Detroit 0 - Seattle 0
BOTTOM OF THE 3RD
Seattle Aviators batting - Pitching for Detroit Renaissance : RHP Domingo Ramírez
Batting: LHB Jorge Ortíz 0-0: Ground out 4-3 (Groundball, 4)
Batting: RHB José Leyva 0-0: Swinging Strike
0-1: Called Strike
0-2: Strikes out swinging
Batting: SHB Juan Torres 0-0: Ball
1-0: Ball
2-0: Ball
3-0: Called Strike
3-1: Base on Balls
Batting: LHB Pedro Corona 0-0: Ball
1-0: Ball
2-0: Fly out, F8 (Flyball, 89D)
Bottom of the 3rd over - 0 runs, 0 hits, 0 errors, 1 left on base; Detroit 0 - Seattle 0
TOP OF THE 4TH
Detroit Renaissance batting - Pitching for Seattle Aviators : RHP Manny Amici
Batting: RHB Steve Irwin 0-0: Called Strike
0-1: Swinging Strike
0-2: Ball
1-2: SINGLE (Groundball, 56D)
Batting: RHB Won-min Yi 0-0: Swinging Strike
0-1: Ball
1-1: Foul Ball, location: 2F
1-2: Ball
2-2: Ground out 4-3 (Groundball, 34)
Steve Irwin to second
Batting: RHB Eric D'Angle 0-0: Intentional Walk
Batting: RHB Quincy van Enk 0-0: Called Strike
0-1: Ball
1-1: Called Strike
1-2: Ball
2-2: Foul Ball, location: 2F
2-2: Ball
3-2: Base on Balls
Steve Irwin to third
Eric D'Angle to second
Batting: LHB Lance Antle 0-0: Called Strike
0-1: Ball
1-1: Called Strike
1-2: Grounds into fielders choice 4-2 (Groundball, 4)
Eric D'Angle to third
Quincy van Enk to second
Batting: LHB Elian Gonzalez 0-0: Called Strike
0-1: Swinging Strike
0-2: Strikes out swinging
Top of the 4th over - 0 runs, 1 hit, 0 errors, 3 left on base; Detroit 0 - Seattle 0
BOTTOM OF THE 4TH
Seattle Aviators batting - Pitching for Detroit Renaissance : RHP Domingo Ramírez
Batting: LHB Kenny Webster 0-0: Swinging Strike
0-1: Called Strike
0-2: Foul Ball, location: 2F
0-2: Ball
1-2: Ball
2-2: Ball
3-2: Foul Ball, location: 2F
3-2: Ground out 5-3 (Groundball, 56S)
Batting: LHB Dong-jin Kim 0-0: Called Strike
0-1: Called Strike
0-2: Ball
1-2: Ball
2-2: Foul Ball, location: 2F
2-2: Ball
3-2: Strikes out looking
Batting: RHB Jay Parker 0-0: Foul Ball, location: 2F
0-1: Fly out, F8 (Flyball, 8LM)
Bottom of the 4th over - 0 runs, 0 hits, 0 errors, 0 left on base; Detroit 0 - Seattle 0
TOP OF THE 5TH
Detroit Renaissance batting - Pitching for Seattle Aviators : RHP Manny Amici
Batting: LHB Alexis Raimbault 0-0: Swinging Strike
0-1: Ball
1-1: Foul Ball, location: 2F
1-2: Strikes out swinging
Batting: LHB Eric Thackston 0-0: Ball
1-0: Ball
2-0: Foul Ball, location: 2F
2-1: Foul Ball, location: 2F
2-2: DOUBLE (Line Drive, 9D)
Batting: RHB Sixto Estrada 0-0: Ball
1-0: Called Strike
1-1: Foul Ball, location: 2F
1-2: Strikes out looking
Batting: RHB Steve Irwin 0-0: Intentional Walk
Batting: RHB Won-min Yi 0-0: Swinging Strike
0-1: Ball
1-1: Foul Ball, location: 2F
1-2: Ball
2-2: Fielders Choice at 2nd, 6-4 (Groundball, 6)
Top of the 5th over - 0 runs, 1 hit, 0 errors, 2 left on base; Detroit 0 - Seattle 0
BOTTOM OF THE 5TH
Seattle Aviators batting - Pitching for Detroit Renaissance : RHP Domingo Ramírez
Batting: RHB Albert Zamudio 0-0: Called Strike
0-1: Ball
1-1: Fly out, F9 (Flyball, 89M)
Batting: RHB Rubén Marino 0-0: Ball
1-0: Ball
2-0: Ground out 5-3 (Groundball, 5)
Batting: LHB Jorge Ortíz 0-0: Called Strike
0-1: Foul Ball, location: 2F
0-2: Ball
1-2: Ball
2-2: Ball
3-2: Base on Balls
Batting: RHB José Leyva 0-0: Ball
Jorge Ortíz steals 2nd base
1-0: SINGLE (Groundball, 6D)
Jorge Ortíz to third
Runner from 3rd tries for Home, SAFE, no throw
Batting: SHB Juan Torres 0-0: Swinging Strike
0-1: Ground out 5-3 (Groundball, 56S)
Bottom of the 5th over - 1 run, 1 hit, 0 errors, 1 left on base; Detroit 0 - Seattle 1
TOP OF THE 6TH
Detroit Renaissance batting - Pitching for Seattle Aviators : RHP Manny Amici
Batting: RHB Eric D'Angle 0-0: Ball
1-0: Called Strike
1-1: Foul Ball, location: 2F
1-2: Strikes out looking
Batting: RHB Quincy van Enk 0-0: Ball
1-0: Foul Ball, location: 2F
1-1: Swinging Strike
1-2: Strikes out swinging
Batting: LHB Lance Antle 0-0: Called Strike
0-1: Ground out U3 (Groundball, 3)
Top of the 6th over - 0 runs, 0 hits, 0 errors, 0 left on base; Detroit 0 - Seattle 1
BOTTOM OF THE 6TH
Seattle Aviators batting - Pitching for Detroit Renaissance : RHP Domingo Ramírez
Batting: LHB Pedro Corona 0-0: Ball
1-0: DOUBLE (Line Drive, 8LD)
Batting: LHB Kenny Webster 0-0: Intentional Walk
Batting: LHB Dong-jin Kim 0-0: Grounds into double play, 4-6-3 (Groundball, 4)
Pedro Corona to third
Batting: RHB Jay Parker 0-0: Fly out, F8 (Line Drive, 8LS)
Bottom of the 6th over - 0 runs, 1 hit, 0 errors, 1 left on base; Detroit 0 - Seattle 1
TOP OF THE 7TH
Detroit Renaissance batting - Pitching for Seattle Aviators : RHP Manny Amici
Batting: LHB Elian Gonzalez 0-0: Ground out 6-3 (Groundball, 6M)
Batting: LHB Alexis Raimbault 0-0: SINGLE (Flyball, 8LM)
Batting: LHB Eric Thackston 0-0: Ball
1-0: Fly out, F8 (Flyball, 8RS)
Pinch Hitting: RHB Roberto Hernández 0-0: Ball
1-0: Called Strike
Alexis Raimbault steals 2nd base
1-1: Foul Ball, location: 2F
1-2: Ground out 6-3 (Groundball, 6)
Top of the 7th over - 0 runs, 1 hit, 0 errors, 1 left on base; Detroit 0 - Seattle 1
BOTTOM OF THE 7TH
Seattle Aviators batting - Pitching for Detroit Renaissance : RHP Domingo Ramírez
Now at 1B: Roberto Hernández
Batting: RHB Albert Zamudio 0-0: Ball
1-0: Ground out 3-1 (Groundball, 34S)
Batting: RHB Rubén Marino 0-0: Ball
1-0: Foul Ball, location: 2F
1-1: Called Strike
1-2: Foul Ball, location: 2F
1-2: Strikes out swinging
Batting: LHB Jorge Ortíz 0-0: Ball
1-0: Swinging Strike
1-1: Swinging Strike
1-2: Foul Ball, location: 2F
1-2: Ball
2-2: Ground out U3 (Groundball, 3)
Bottom of the 7th over - 0 runs, 0 hits, 0 errors, 0 left on base; Detroit 0 - Seattle 1
TOP OF THE 8TH
Detroit Renaissance batting - Pitching for Seattle Aviators : RHP Manny Amici
Batting: RHB Steve Irwin 0-0: Called Strike
0-1: Ball
1-1: Foul Ball, location: 2F
1-2: Ball
2-2: Ball
3-2: Foul Ball, location: 2F
3-2: SINGLE (Groundball, 6M) (infield hit)
Pinch Runner at 1st Takashi Miike:
Pinch Hitting: SHB Shiki Sanu 0-0: Foul Ball, location: 2F
0-1: Grounds into double play, 4-6-3 (Groundball, 4)
Batting: RHB Eric D'Angle 0-0: SINGLE (Flyball, 78M)
Batting: RHB Quincy van Enk 0-0: Foul Ball, location: 2F
0-1: Swinging Strike
0-2: Ball
1-2: Fly out, F9 (Flyball, 9D)
Top of the 8th over - 0 runs, 2 hits, 0 errors, 1 left on base; Detroit 0 - Seattle 1
BOTTOM OF THE 8TH
Seattle Aviators batting - Pitching for Detroit Renaissance : RHP Domingo Ramírez
Now at 3B: Shiki Sanu
Now at SS: Takashi Miike
Batting: RHB José Leyva 0-0: Called Strike
0-1: Foul Ball, location: 2F
0-2: Fly out, F6 (Line Drive, 6)
Batting: SHB Juan Torres 0-0: Called Strike
0-1: Ground out 5-3 (Groundball, 5)
Batting: LHB Pedro Corona 0-0: Ball
1-0: Called Strike
1-1: Foul Ball, location: 2F
1-2: Strikes out looking
Bottom of the 8th over - 0 runs, 0 hits, 0 errors, 0 left on base; Detroit 0 - Seattle 1
TOP OF THE 9TH
Detroit Renaissance batting - Pitching for Seattle Aviators : RHP Manny Amici
Batting: LHB Lance Antle 0-0: Ball
1-0: SINGLE (Groundball, 56S) (infield hit)
Pitching: LHP Yajirobei Otomo
Batting: LHB Elian Gonzalez 0-0: Bunt - Flyout! F1
Batting: LHB Alexis Raimbault 0-0: Grounds out, U3 (Groundball, 3L)
Batting: LHB Eric Thackston 0-0: Called Strike
0-1: Ball
1-1: Called Strike
1-2: Ball
Wild Pitch!
Lance Antle to third
2-2: Foul Ball, location: 2F
2-2: Fly out, F9 (Flyball, 9)
Top of the 9th over - 0 runs, 1 hit, 0 errors, 1 left on base; Detroit 0 - Seattle 1
Sunday, March 18th, 2018 - OOTP Baseball 18.8 Build 76